 Dungeon Crawl Stone Soup version 0.31-a0-95-g6fa058ef04 (webtiles) character file.

Game seed: 6855749631316114393

310 Flugkiller the Shooter (level 6, -9/58 HPs)
             Began as a Kobold Hunter on May 25, 2023.
             Was a Believer of Trog.
             Mangled by an orc warrior
             ... wielding a +0 long sword
              (12 damage)
             ... on level 4 of the Dungeon.
             The game lasted 00:07:52 (4618 turns).

Flugkiller the Shooter (Kobold Hunter)              Turns: 4618, Time: 00:07:53

Health: -9/58      AC:  3    Str:  8    XL:     6   Next: 69%
Magic:  6/6        EV: 17    Int: 10    God:    Trog [**....]
Gold:   195        SH:  0    Dex: 21    Spells: 5/5 levels left

rFire   . . .        n - +0 rapier
rCold   . . .        (no shield)
rNeg    . . .        c - +0 leather armour
rPois   .            (no helmet)
rElec   .            (no cloak)
rCorr   .            (no gloves)
SInv    .            (no boots)
Will    .....        (no amulet) Stlth
                     (no ring)
HPRegen 0.29/turn    (no ring)
MPRegen 0.10/turn

%: no passive effects
@: berserking (expiring), very quick
A: small, no large weapons, nightstalker 3
a: Renounce Religion, Berserk, Trog's Hand


You were on level 4 of the Dungeon.
You worshipped Trog.
Trog was pleased with you.
You visited 1 branch of the dungeon, and saw 4 of its levels.

You collected 195 gold pieces.

Inventory:

Hand Weapons
 a - a +0 shortbow
 j - a +0 sling
   (You took it off a goblin on level 2 of the Dungeon)
 n - a +0 rapier (weapon)
   (You found it on level 2 of the Dungeon)
Armour
 c - a +0 leather armour (worn)
Wands
 m - a wand of flame (17)
   (You took it off a goblin on level 2 of the Dungeon)
Scrolls
 b - a scroll of immolation
 e - a scroll of fear
 g - 2 scrolls of brand weapon {unknown}
 h - a scroll of vulnerability {unknown}
 k - a scroll of summoning {unknown}
 l - a scroll of magic mapping {unknown}
 p - a scroll of poison {unknown}
 r - a scroll of identify
 t - a scroll of teleportation
Potions
 d - 4 potions of might
 f - a potion of brilliance {unknown}
 i - a potion of cancellation {unknown}
 o - a potion of enlightenment {unknown}
 q - a potion of curing
 s - a potion of mutation {unknown}
 w - 3 potions of heal wounds


   Skills:
 + Level 4.5 Fighting
 + Level 2.4 Short Blades
 - Level 6.5 Ranged Weapons
 + Level 4.9 Dodging
 - Level 1.3 Stealth


You had 5 spell levels left.
You didn't know any spells.
Your spell library contained the following spells:

 Spells                   Type           Power      Damage    Failure   Level
 Blink                    Tloc           0%         N/A       63%         2
 Lesser Beckoning         Tloc           0%         N/A       63%         2
 Momentum Strike          Conj/Tloc      0%         3d8       63%         2
 Hailstorm                Conj/Ice       0%         3d3       86%         3
 Ice Form                 Ice/Tmut       0%         N/A       99%         4
 Conjure Ball Lightning   Conj/Air       0%         3x3d6     100%        6
 Simulacrum               Ice/Necr       0%         N/A       100%        6
 Discord                  Hex            0%         N/A       100%        8
 Disjunction              Tloc           0%         N/A       100%        8


Dungeon Overview and Level Annotations

Branches:
Dungeon (4/15) Zot: 19317  Temple (0/1) D:4

Altars:
Trog

Shops:
D:2 [


Innate Abilities, Weirdness & Mutations

You are small and have problems with some larger weapons.
You are completely attuned to the shadows.


Message History

The floor.
Unknown command.
Unknown command.
You are too injured to fight recklessly!
Unknown command.
Fire: a) +0 shortbow
Press: ? - help, Q - select action, (/) - cycle Shift-Dir - straight line, f/p - orc
Aim: an orc, wielding a +0 flail and wearing a +0 scale mail (70% to hit)
You shoot an arrow. The arrow hits the orc.
You kill the orc!
Trog accepts your kill.
Fire: a) +0 shortbow
Press: ? - help, Q - select action, (/) - cycle Shift-Dir - straight line, f - orc
Aim: an orc, wielding a +1 heavy mace and wearing a +0 leather armour (67% to hit)
You shoot an arrow. The arrow closely misses the orc.
The orc closely misses you.
Fire: a) +0 shortbow
Press: ? - help, Q - select action, (/) - cycle Shift-Dir - straight line, f/p - orc
Aim: an orc, wielding a +1 heavy mace and wearing a +0 leather armour (67% to hit)
You shoot an arrow. The arrow hits the orc.
The orc is moderately wounded.
The orc barely misses you.
Fire: a) +0 shortbow
Press: ? - help, Q - select action, (/) - cycle Shift-Dir - straight line, f/p - orc
Aim: an orc, wielding a +1 heavy mace and wearing a +0 leather armour (moderately wounded, 67% to hit)
You shoot an arrow. The arrow hits the orc.
The orc is severely wounded.
The orc closely misses you.
Fire: a) +0 shortbow
Press: ? - help, Q - select action, (/) - cycle Shift-Dir - straight line, f/p - orc
Aim: an orc, wielding a +1 heavy mace and wearing a +0 leather armour (severely wounded, 67% to hit)
You shoot an arrow. The arrow barely misses the orc.
Fire: a) +0 shortbow
Press: ? - help, Q - select action, (/) - cycle Shift-Dir - straight line, f/p - orc
Aim: an orc, wielding a +1 heavy mace and wearing a +0 leather armour (severely wounded, 67% to hit)
You shoot an arrow. The arrow hits the orc.
You kill the orc!
Trog accepts your kill.
You start resting.
A black bear is nearby!
Unknown command.
Unknown command.
There is an open door here.
You start resting.
HP restored.
Unknown command.
The orc warrior shouts!
Okay, then.
You see here a +0 flail.
Unknown command.
Okay, then.
Okay, then.
Unknown command.
Unknown command.
There is an open door here.
There is an open door here.
There is a stone staircase leading up here.
You shoot an arrow. The arrow hits the orc warrior.
The orc warrior is lightly wounded.
n - a +0 rapier (weapon)
A red film seems to cover your vision as you go berserk!
You feel yourself moving faster!
You feel mighty! The orc warrior misses you.
You completely miss the orc warrior.
The orc warrior is lightly wounded.
You closely miss the orc warrior.
The orc warrior is lightly wounded.
The orc warrior misses you.
You barely miss the orc warrior.
The orc warrior hits you with a +0 long sword!
You hit the orc warrior.
The orc warrior is moderately wounded.
The orc warrior hits you with a +0 long sword.
You barely miss the orc warrior.
The orc warrior is moderately wounded.
You closely miss the orc warrior.
The orc warrior is moderately wounded.
The orc warrior hits you with a +0 long sword!
You hit the orc warrior.
The orc warrior is moderately wounded.
The orc warrior hits you with a +0 long sword!
You puncture the orc warrior!
The orc warrior is heavily wounded.
The orc warrior misses you.
You hit the orc warrior.
The orc warrior is severely wounded.
You barely miss the orc warrior.
The orc warrior is severely wounded.
The orc warrior closely misses you.
You barely miss the orc warrior.
You punch the orc warrior, but do no damage.
The orc warrior is severely wounded.
The orc warrior hits you with a +0 long sword!
* * * LOW HITPOINT WARNING * * *
You barely miss the orc warrior.
The orc warrior is severely wounded.
Unknown command.
You barely miss the orc warrior.
The orc warrior is severely wounded.
The orc warrior hits you with a +0 long sword!
You die...

#######
......#
#####.# #.#
#o############
#.##.......o@#
#
#.##.#########
#####.##.#
..)..).#o#
.#######.#
>#######.#
.......#.#
.#####.#.# .#
#.#.#


You could see an orc warrior.

Vanquished Creatures
  An orc priest (D:3)
  A sleepcap (D:4)
  An orc wizard (D:4)
  Natasha (thrice) (D:3)
  4 gnolls (D:4)
  3 adders
  A worm (D:2)
  16 orcs
  8 ball pythons
  5 endoplasms
  8 goblins
  3 hobgoblins
  4 jackals (D:2)
  3 quokkas (D:4)
  4 bats
  A frilled lizard (D:2)
  3 kobolds
  5 rats
74 creatures vanquished.

Notes
Turn   | Place    | Note
-------+----------+-------------------------------------------
     0 | D:1      | Flugkiller the Kobold Hunter began the quest for the Orb.
     0 | D:1      | Reached XP level 1. HP: 12/12 MP: 1/1
   303 | D:1      | Reached XP level 2. HP: 18/18 MP: 2/2
  1016 | D:2      | Reached XP level 3. HP: 21/22 MP: 3/3
  1054 | D:2      | Found Zoosch Ysioll's Armour Shoppe.
  1441 | D:2      | Found a faded altar of an unknown god.
  1474 | D:2      | Prayed at the altar of an unknown god.
  1474 | D:2      | Became a worshipper of Trog the Wrathful
  1474 | D:2      | Reached * piety under Trog
  1946 | D:3      | Reached XP level 4. HP: 28/28 MP: 4/4
  2096 | D:3      | Reached skill level 6 in Ranged Weapons
  2247 | D:3      | Noticed Natasha
  2250 | D:3      | Killed Natasha
  2449 | D:3      | Noticed Natasha
  2459 | D:3      | Killed Natasha
  2460 | D:3      | Reached XP level 5. HP: 20/33 MP: 5/5
  2603 | D:3      | Noticed Natasha
  2609 | D:3      | Killed Natasha
  3392 | D:4      | Found a staircase to the Ecumenical Temple.
  3488 | D:3      | Reached ** piety under Trog
  3517 | D:3      | Reached skill level 1 in Short Blades
  3517 | D:3      | Reached XP level 6. HP: 38/38 MP: 6/6
  4211 | D:4      | Noticed an orc warrior
  4212 | D:4      | Noticed a black bear
  4616 | D:4      | HP: 2/58 [orc warrior/+0 long sword (17)]
  4618 | D:4      | Mangled by an orc warrior

Illustrated notes

Levels and vault maps discovered:
D:1:      dpeg_arrival_short_road, layout_basic
D:2:      layout_basic, hellmonk_ecumenical_altar_lost_god, serial_shops,
          nicolae_shop_tiny_waterfront
D:3:      layout_basic, uniq_natasha
D:4:      layout_basic, evilmike_ruin_ashenzari, minmay_temple_entry_arrows,
          pf_guarded_unrand_delatra

Skill      XL: |  1  2  3  4  5  6 |
---------------+-------------------+-----
Dodging        | 3 4 |  4.9
Fighting       | 3 4 |  4.5
Ranged Weapons | 6 |  6.5
Short Blades   | 1 2 |  2.4
Stealth        | |  1.3

Action                     |  1- 3 |  4- 6 || total
---------------------------+-------+-------++-------
  Melee: Rapier            |       |    23 ||    23
         Punch             |       |     2 ||     2
   Fire: Shortbow          |    84 |   171 ||   255
 Invoke: Berserk           |       |     4 ||     4
    Use: Scroll            |       |     6 ||     6
         Potion            |       |     1 ||     1
 Armour: Leather armour    |    11 |     8 ||    19
  Dodge: Dodged            |    26 |    83 ||   109

Table legend: (Time is in decaauts)
 A = Elapsed time spent in this place.
 B = Non-inter-level travel time spent in this place.
 C = Inter-level travel time spent in this place.
 D = Time resting spent in this place.
 E = Time spent auto-exploring this place.
 F = Levels seen in this place.
 G = Mean time per level.
                   A        B        C        D        E       F      G
               +--------+--------+--------+--------+--------+-----+--------+
         Total |   4682 |   4473 |    209 |    485 |   2865 |   4 | 1170.5 |
       Dungeon |   4682 |   4473 |    209 |    485 |   2865 |   4 | 1170.5 |
               +--------+--------+--------+--------+--------+-----+--------+

Top non-repeatable levels by time:
     D:3: 1616 daAuts
     D:4: 1163 daAuts
     D:2: 982 daAuts
     D:1: 919 daAuts
